 Dungeon Crawl Stone Soup version 0.21-a0-552-g593960d (webtiles) character file.

58053 kae the Martial Artist (level 14, -1/124 HPs)
             Began as a Pale Draconian Transmuter on Dec 17, 2017.
             Was a High Priest of Wu Jian.
             Killed by divine providence
             ... invoked by a meliai
              (7 damage)
             ... on level 13 of the Dungeon.
             The game lasted 00:42:09 (28904 turns).

kae the Martial Artist (Pale Draconian Transmuter) Turns: 28904, Time: 00:42:09

Health: -1/124     AC:  9    Str: 13    XL:     14   Next: 48%
Magic:  0/27       EV: 23    Int: 15    God:    Wu Jian [*****.]
Gold:   2082       SH:  0    Dex: 15    Spells: 12/32 levels left

rFire    . . .     SeeInvis +     - Unarmed
rCold    . . .     Gourm    .   (shield currently unavailable)
rNeg     . . .     Faith    .   (armour unavailable)
rPois    .         Spirit   +   (helmet restricted)
rElec    .         Reflect  .   C - +0 cloak
rCorr    .         Harm     .   (gloves currently unavailable)
MR       +....                  (no boots)
Stlth    +.........             M - amulet of guardian spirit
HPRegen  0.30/turn              x - ring of see invisible
MPRegen  0.20/turn              B - +4 ring of evasion

@: lethally poisoned (-1 -> -6), about to teleport, blade hands
A: breathe steam, unfitting armour, cold-blooded, AC +8
a: Breathe Steam, End Transformation, Serpent's Lash, Heavenly Storm, Renounce
Religion


You were on level 13 of the Dungeon.
You worshipped Wu Jian.
Wu Jian was extremely pleased with you.
You were not hungry.
You had blades for hands.
You visited 4 branches of the dungeon, and saw 22 of its levels.
You also visited: Labyrinth.

You collected 2082 gold pieces.

Inventory:

Missiles
 a - 496 arrows
Armour
 C - a +0 cloak (worn)
 N - the +3 pair of gloves of Dishonesty (melded) {rPois rN+ Regen+ Stlth-}
   (You found it in a labyrinth)

   It protects you from poison.
   It protects you from negative energy.
   It increases your rate of regeneration.
   It makes you less stealthy.
Jewellery
 b - an uncursed amulet of harm
 h - an uncursed ring of protection from magic
 w - an uncursed ring of protection from magic
 x - a ring of see invisible (left scythe-like blade)
 z - an uncursed ring of resist corrosion
 B - a +4 ring of evasion (right scythe-like blade)
 F - a +2 ring of intelligence
 M - an amulet of guardian spirit (around neck)
Wands
 y - a wand of flame (21)
 J - a wand of paralysis (14)
 R - a wand of clouds (4)
Scrolls
 k - 3 scrolls of teleportation
 l - 13 scrolls of remove curse
 E - a scroll of fog
 G - a scroll of magic mapping
 H - a scroll of enchant armour
 I - 3 scrolls of enchant weapon
 L - 4 scrolls of amnesia
Potions
 d - 2 potions of lignification
 e - a potion of ambrosia
 i - 2 potions of haste
 m - 3 potions of curing
 n - a potion of heal wounds
 o - 5 potions of agility
 q - 2 potions of mutation
 r - 7 potions of flight
 s - 4 potions of magic
 t - 2 potions of cancellation
 u - 2 potions of brilliance
 D - 2 potions of might
Books
 O - a book of Minor Magic

   Spells                             Type                      Level
   a - Magic Dart                     Conjuration                  1
   b - Blink                          Translocation                2
   c - Call Imp                       Summoning                    2
   d - Slow                           Hexes                        2
   e - Conjure Flame                  Conjuration/Fire             3
   f - Mephitic Cloud                 Conjuration/Poison/Air       3
 P - a Fen Folio

   Spells                             Type                      Level
   a - Corpse Rot                     Necromancy                   2
   b - Stone Arrow                    Conjuration/Earth            3
   c - Leda's Liquefaction            Hexes/Earth                  4
   d - Summon Forest                  Summoning/Translocation      5
   e - Hydra Form                     Transmutation                6
   f - Summon Hydra                   Summoning                    7
 Q - the Catalogue of Rationality
   (You found it in a labyrinth)

   Spells                             Type                      Level
   a - Summon Butterflies             Summoning                    1
   b - Summon Small Mammal            Summoning                    1
   c - Portal Projectile              Hexes/Translocation          3
   d - Teleport Other                 Translocation                3
   e - Summon Mana Viper              Hexes/Summoning              5
   f - Disjunction                    Translocation                8
Comestibles
 c - 15 bread rations
 f - 9 meat rations
 g - 5 royal jellies
 j - 3 chunks of flesh
 p - 12 fruits


   Skills:
 + Level 11.2 Fighting
 + Level 9.6 Dodging
 * Level 14.2 Unarmed Combat
 + Level 9.7 Spellcasting
 * Level 12.5 Transmutations


You had 12 spell levels left.
You knew the following spells:

 Your Spells              Type           Power        Failure   Level  Hunger
a - Beastly Appendage     Tmut           #####.       6%          1    None
b - Sticks to Snakes      Tmut           #####...     7%          2    None
c - Spider Form           Tmut/Pois      ####......   22%         3    #......
d - Blade Hands           Tmut           #####.....   19%         5    #####..
e - Ice Form              Ice/Tmut       ####....     41%         4    ###....
f - Passwall              Tmut/Erth      ####......   16%         2    None
g - Regeneration          Chrm/Necr      #.........   73%         3    #......


Dungeon Overview and Level Annotations

Branches:
Dungeon (13/15)            Temple (1/1) D:7            Lair (6/6) D:11
  Swamp (0/4) Lair:2        Snake (0/4) Lair:2        Slime (0/5) Lair:5
    Orc (2/2) D:11            Elf (0/3) Orc:2
 Vaults: D:13-14

Altars:
Cheibriados
Dithmenos
Elyvilon
Fedhas
Gozag
Hepliaklqana
Kikubaaqudgha
Makhleb
Nemelex Xobeh
Okawaru
Qazlal
Ru
Sif Muna
Trog
Uskayaw
Vehumet
Wu Jian
Xom
Yredelemnul
The Shining One
Beogh

Shops:
D:6 (   Orc:2 [=(*

Annotations:
D:4 2 transporters
D:11 exclusion: slime creature
Lair:4 exclusion: 4 oklob plants
Lair:5 exclusion: 5 oklob plants


Innate Abilities, Weirdness & Mutations

You can breathe blasts of scalding, opaque steam.
Your pale cyan-grey scales are hard. (AC +8)
You cannot fit into any form of body armour.
You are cold-blooded and may be slowed by cold attacks.


Message History

You closely miss the meliai.
Your tail-slap misses the meliai.
The meliai is lightly wounded.
You feel sick.
The meliai invokes the aid of its god against you.
Something smites you!
* * * LOW HITPOINT WARNING * * *
The meliai hits you with a war axe.
* * * LOW HITPOINT WARNING * * *
The meliai completely misses you.
As you read the scroll of teleportation, it crumbles to dust.
You feel strangely unstable.
You feel sick. The meliai hits you with a war axe.
* * * LOW HITPOINT WARNING * * *
The meliai closely misses you. The meliai misses you. x2
You feel sick.
The meliai mumbles some strange prayers to its god against you.
Something smites you!
* * * LOW HITPOINT WARNING * * *
The meliai invokes the aid of its god against you.
Something smites you!
You die...

....)#### #....#
.....# ###+##
##'### ##.# #..#
#.## #'#######
##########
........#
#.yy.y...+
#########
#@########
........########.#
#######.'........#
..#.....##########
#########


You could see 3 meliai.

Vanquished Creatures
  A stone giant (Orc:2)
  3 ettins (Orc:2)
  A minotaur (Lab)
  7 hydras
  A catoblepas (Lair:6)
  4 two-headed ogres
  An unseen horror (D:11)
  2 orc knights (Orc:1)
  A lindwurm (Lair:6)
  An oklob plant (Lair:4)
  2 ugly things
  11 cyclopes
  3 manticores
  9 elephants
  2 torpor snails (Lair:6)
  5 black mambas
  A water nymph (shapeshifter) (D:13)
  A gargoyle (D:10)
  14 spiny frogs
  3 rime drakes (Lair:6)
  7 komodo dragons
  A troll (D:13)
  A hornet (D:8)
  9 blink frogs (Lair:3)
  Prince Ribbit (D:6)
  9 hippogriffs
  Grinder (D:6)
  Sigmund (D:6)
  A water elemental (D:11)
  38 yaks
  A wraith (D:11)
  3 wyverns
  3 basilisks
  3 hungry ghosts
  2 nagas (Lair:2)
  A soldier ant (D:13)
  5 wargs
  17 water moccasins
  Duvessa (D:6)
  6 porcupines
  4 black bears
  A necrophage (D:12)
  14 orc warriors
  An eye of draining (D:11)
  4 sky beasts
  13 ogres
  3 phantoms
  15 wolves (Lair:1)
  11 centaurs
  11 crocodiles
  A gnoll sergeant (D:12)
  16 bullfrogs
  Dowan (D:6)
  2 wyvern skeletons
  A water moccasin skeleton (D:6)
  8 scorpions
  3 killer bees (D:9)
  2 electric eels (D:11)
  3 howler monkeys (D:8)
  6 crimson imps
  A centaur zombie (D:10)
  12 hounds
  A bullfrog skeleton (D:13)
  2 jellies
  Crazy Yiuf (D:6)
  11 orc priests
  A centaur skeleton (D:8)
  2 gnoll shamans
  A hell rat (Lair:6)
  14 orc wizards
  4 iguanas
  Natasha (thrice) (D:2)
  7 worker ants
  A killer bee zombie (D:8)
  11 gnolls
  14 adders
  4 shadow imps
  3 oozes
  An adder skeleton (D:4)
  An adder zombie (D:5)
  2 worms
  2 dart slugs (D:1)
  7 leopard geckos
  74 orcs
  11 bats
  4 giant cockroaches
  6 goblins
  6 hobgoblins
  10 jackals
  6 quokkas
  3 frilled lizards
  A jackal zombie (D:7)
  2 kobolds
  A quokka skeleton (D:7)
  2 rats (D:1)
  A plant (Lair:3)
537 creatures vanquished.

Vanquished Creatures (others)
  13 fungi
  30 plants
43 creatures vanquished.

Grand Total: 580 creatures vanquished

Notes
Turn   | Place    | Note
-------+----------+-------------------------------------------
     0 | D:1      | kae the Draconian Transmuter began the quest for the Orb.
     0 | D:1      | Reached XP level 1. HP: 16/16 MP: 3/3
    25 | D:1      | Reached XP level 2. HP: 20/23 MP: 3/5
   221 | D:1      | You fall through a shaft!
   873 | D:1      | Reached XP level 3. HP: 28/28 MP: 6/6
  1802 | D:2      | Noticed Natasha
  1816 | D:2      | Killed Natasha
  1816 | D:2      | Reached XP level 4. HP: 34/36 MP: 7/7
  1855 | D:2      | Noticed Natasha
  1871 | D:2      | Killed Natasha
  2513 | D:2      | Noticed Natasha
  2530 | D:2      | Killed Natasha
  2530 | D:2      | Reached skill level 4 in Unarmed Combat
  2709 | D:3      | Found a snail-covered altar of Cheibriados.
  2877 | D:3      | Reached XP level 5. HP: 40/41 MP: 8/8
  3937 | D:3      | Found a shimmering altar of Xom.
  4026 | D:4      | Noticed a vampire mosquito
  4035 | D:4      | Found an iron altar of Okawaru.
  4046 | D:4      | Found a transporter.
  4056 | D:4      | Found a transporter.
  4353 | D:4      | Noticed an ogre
  4462 | D:4      | Learned a level 2 spell: Sticks to Snakes
  4466 | D:4      | Learned a level 3 spell: Spider Form
  4491 | D:4      | Noticed an ogre
  4509 | D:4      | Noticed an ogre
  4531 | D:4      | Killed an ogre
  4531 | D:4      | Reached XP level 6. HP: 11/50 MP: 10/10
  4960 | D:4      | Reached skill level 5 in Unarmed Combat
  5204 | D:4      | Found a shimmering altar of Xom.
  5205 | D:4      | Found a shimmering altar of Xom.
  5221 | D:4      | Found a shimmering altar of Xom.
  5250 | D:4      | Found an opulent altar of Gozag.
  5369 | D:4      | Your scales start taking on a pale cyan-grey colour.
  5369 | D:4      | Reached XP level 7. HP: 32/57 MP: 11/11
  5737 | D:5      | Entered Level 5 of the Dungeon
  6029 | D:5      | Reached skill level 6 in Unarmed Combat
  6047 | D:5      | Reached XP level 8. HP: 66/66 MP: 13/13
  6625 | D:6      | Noticed Duvessa
  6626 | D:6      | Noticed Dowan
  6638 | D:6      | Killed Duvessa
  6652 | D:6      | Killed Dowan
  6691 | D:6      | Noticed Prince Ribbit
  6697 | D:6      | HP: 3/67 [Prince Ribbit (15)]
  7033 | D:6      | Found a radiant altar of Vehumet.
  7296 | D:6      | Reached skill level 7 in Unarmed Combat
  7446 | D:6      | Reached skill level 5 in Fighting
  7573 | D:6      | Noticed Sigmund
  7586 | D:6      | Killed Prince Ribbit
  7586 | D:6      | Reached skill level 5 in Transmutations
  7692 | D:6      | Reached XP level 9. HP: 44/74 MP: 16/16
  7698 | D:6      | Noticed Grinder
  7733 | D:6      | Killed Grinder
  7939 | D:6      | Found Myerr's Antique Weapon Shoppe.
  7982 | D:6      | Found a basalt altar of Yredelemnul.
  8007 | D:6      | Reached skill level 5 in Spellcasting
  8161 | D:6      | Found a runed door.
  8289 | D:6      | Found a hazy altar of Hepliaklqana.
  8407 | D:6      | Noticed Crazy Yiuf
  8409 | D:6      | Killed Crazy Yiuf
  8554 | D:6      | Killed Sigmund
  8554 | D:6      | Reached skill level 5 in Dodging
  8554 | D:6      | Reached skill level 8 in Unarmed Combat
  8948 | D:7      | Found a burning altar of Makhleb.
  9244 | D:7      | Found a staircase to the Ecumenical Temple.
  9398 | Temple   | Entered the Ecumenical Temple
  9436 | Temple   | Became a worshipper of the Wu Jian Council
  9573 | D:7      | Found a glowing golden altar of the Shining One.
 10017 | D:8      | Reached skill level 9 in Unarmed Combat
 10017 | D:8      | Reached XP level 10. HP: 75/84 MP: 18/18
 10050 | D:8      | Noticed a two-headed ogre
 10089 | D:8      | Killed a two-headed ogre
 10089 | D:8      | Reached * piety under Wu Jian
 10240 | D:8      | Identified the Compendium of Assistive Transmutation
 10265 | D:8      | Found a bloodstained altar of Trog.
 10271 | D:8      | Paralysed by a hornet for 2 turns
 11075 | D:9      | Found a blossoming altar of Fedhas.
 11111 | D:9      | Found an ancient bone altar of Kikubaaqudgha.
 11185 | D:9      | Reached skill level 10 in Unarmed Combat
 11362 | D:9      | Noticed a cyclops
 11372 | D:9      | Killed a cyclops
 11420 | D:9      | Reached ** piety under Wu Jian
 11441 | D:9      | Found a sacrificial altar of Ru.
 11732 | D:10     | Entered Level 10 of the Dungeon
 11745 | D:10     | Learned a level 5 spell: Blade Hands
 11852 | D:10     | Reached XP level 11. HP: 73/93 MP: 13/21
 12058 | D:10     | Noticed a two-headed ogre
 12090 | D:10     | Killed a two-headed ogre
 12649 | D:11     | Found a staircase to the Orcish Mines.
 12923 | D:11     | Noticed a purple ugly thing
 12946 | D:11     | Killed a purple ugly thing
 12946 | D:11     | Reached *** piety under Wu Jian
 13422 | D:11     | Noticed an unseen horror
 13435 | D:11     | Killed an unseen horror
 13730 | D:11     | Found a staircase to the Lair.
 13734 | D:11     | Reached skill level 11 in Unarmed Combat
 13763 | D:11     | Noticed a two-headed ogre
 13805 | D:11     | Killed a two-headed ogre
 14472 | Lair:1   | Entered Level 1 of the Lair of Beasts
 14473 | Lair:1   | Identified a scroll of acquirement
 14489 | Lair:1   | Learned a level 4 spell: Ice Form
 14960 | Lair:1   | Noticed a six-headed hydra
 15286 | Lair:1   | Reached XP level 12. HP: 64/103 MP: 14/23
 15622 | Lair:1   | Killed a six-headed hydra
 16162 | Lair:2   | Found a staircase to the Snake Pit.
 16309 | Lair:2   | Noticed a six-headed hydra
 16319 | Lair:2   | Killed a six-headed hydra
 16337 | Lair:2   | Noticed a seven-headed hydra
 16461 | Lair:2   | Noticed a six-headed hydra
 16468 | Lair:2   | Killed a six-headed hydra
 16703 | Lair:2   | Killed a seven-headed hydra
 16703 | Lair:2   | Reached skill level 12 in Unarmed Combat
 16731 | Lair:2   | Found a staircase to the Swamp.
 17303 | Lair:3   | Reached skill level 10 in Transmutations
 18630 | Lair:4   | Reached **** piety under Wu Jian
 18986 | Lair:4   | Reached XP level 13. HP: 113/113 MP: 21/25
 19304 | Lair:4   | Reached skill level 10 in Fighting
 19703 | Lair:4   | Found the amulet of the Air {Inacc +Fly rElec EV+5 RMsl}
 20863 | Lair:5   | Found a staircase to the Slime Pits.
 21111 | Lair:6   | Entered Level 6 of the Lair of Beasts
 21128 | Lair:6   | HP: 5/113 [four-headed hydra (5)]
 21620 | Lair:6   | Reached skill level 13 in Unarmed Combat
 22157 | Lair:6   | Found an ancient bone altar of Kikubaaqudgha.
 22631 | Lair:6   | Reached ***** piety under Wu Jian
 23301 | Lair:6   | HP: 5/114 [poisoned by a spiny frog]
 23307 | Lair:6   | HP: 3/114 [poisoned by a spiny frog]
 24437 | Orc:1    | Entered Level 1 of the Orcish Mines
 24869 | Orc:1    | Reached XP level 14. HP: 114/122 MP: 20/27
 24999 | Orc:2    | Entered Level 2 of the Orcish Mines
 24999 | Orc:2    | Found Upuewanali's Antique Weapon Boutique.
 24999 | Orc:2    | Noticed a stone giant
 25200 | Orc:2    | Killed a stone giant
 25435 | Orc:2    | Found Kahonixe's General Store.
 25664 | Orc:2    | Found a staircase to the Elven Halls.
 25906 | Orc:2    | Found Afusoudiuck's Jewellery Shoppe.
 26163 | Orc:2    | Reached skill level 14 in Unarmed Combat
 26402 | Orc:2    | Found Keikumm's Antique Armour Shop.
 27854 | Lair:1   | Learned a level 2 spell: Passwall
 27858 | Lair:1   | Learned a level 3 spell: Regeneration
 27952 | D:13     | Found a labyrinth entrance.
 28007 | Lab      | Entered a labyrinth
 28260 | Lab      | Got a pair of smoking gloves
 28266 | Lab      | Found the +4 dagger "Morg" {pain, MR+ Int+5}
 28268 | Lab      | Identified the Catalogue of Rationality
 28369 | Lab      | Identified the +3 pair of gloves of Dishonesty {rPois rN+ Regen+ Stlth-} (You found it in a labyrinth)
 28460 | D:13     | Found an iron altar of Okawaru.
 28679 | D:13     | Found a roughly hewn altar of Beogh.
 28904 | D:13     | HP: 6/124 [meliai/divine providence (9)]
 28904 | D:13     | Killed from afar by a meliai

Vault maps used:
D:1:      dpeg_arrival_tiny_c
D:2:      uniq_natasha
D:3:      lemuel_doored_altar, lemuel_coloured_pillars_altar,
          kennysheep_generic_room_10
D:4:      minmay_diamond_boxcup, gammafunk_temple_overflow_arena,
          nicolae_gozag_cash_rules_everything_around_me, xom_redecorated
D:5:      first_bread
D:6:      yredelemnul_altar_generic, kennysheep_little_box,
          lemuel_crystal_altar, serial_shops, shop_coins, uniq_prince_ribbit1,
          uniq_duvessa, uniq_grinder, uniq_sigmund, uniq_crazy_yiuf_cottage
D:7:      old_standard_altar, nicolae_tso_carved_into_rock, temple_green
D:8:      overflow_temple_1_default
D:9:      kiku_gazebo_garden_becter, nicolae_ru_great_annihilating_truth,
          nicolae_overflow_crystal_walls, grunt_ogre_cave
D:11:     grunt_lair_entry_orc_guard_hut, orc_0_dummy, serial_bayou_lake_a
D:13:     david_vaults_4, lab_entry_generic, abandoned_shop, lemuel_statue_altar
Temple:   compressed_dpeg_triangle_lava_temple
Lair:1:   lemuel_fruit_tree, serial_bayou_shore_b, serial_bayou_shore_b
Lair:2:   minmay_swamp_entry_reptiles, guppyfry_snake_entry_island
Lair:3:   hibernation_bobbens
Lair:4:   minmay_lair_oklob_chamber
Lair:5:   minmay_slime_entry_oklob_open, patterned_corridor, grunt_megastairs_4
Lair:6:   hangedman_lair_in_review, basic_altar
Orc:2:    grunt_orc_gardens, grunt_orc_garden, grunt_orc_garden,
          grunt_orc_garden, grunt_orc_garden
Lab:      nicolae_lab_dead_adventurers

Skill      XL: |  1  2  3  4  5  6  7  8  9 10 11 12 13 14 |
---------------+-------------------------------------------+-----
Dodging        | 2 3 4 5 6 7 8 9 |  9.6
Fighting       | 2 3 4 5 6 7 8 9 10 11 | 11.2
Unarmed Combat | 4 5 6 7 9 10 11 12 13 14 | 14.2
Transmutations | 3 4 5 6 7 9 10 11 12 | 12.5
Spellcasting   | 3 4 5 6 7 8 9 |  9.7

Action                   |  1- 3 |  4- 6 |  7- 9 | 10-12 | 13-15 || total
-------------------------+-------+-------+-------+-------+-------++-------
Melee: Unarmed           |    46 |    13 |    18 |   498 |   611 ||  1186
       Tailslap          |    15 |    29 |    38 |    99 |    72 ||   253
       Kick              |     5 |     5 |       |       |     5 ||    15
       Punch             |     2 |     2 |    10 |    38 |    29 ||    81
       Dagger            |   112 |   212 |   250 |   247 |       ||   821
       Headbutt          |     2 |     3 |       |       |     6 ||    11
 Cast: Beastly Appendage |     7 |     8 |       |       |     8 ||    23
       Spider Form       |       |     4 |     1 |       |       ||     5
       Blade Hands       |       |       |       |    21 |    44 ||    65
       Regeneration      |       |       |       |       |     1 ||     1
       Passwall          |       |       |       |       |     1 ||     1
Invok: Lunge             |       |       |     3 |    54 |    32 ||    89
       Whirlwind         |       |       |       |    93 |    71 ||   164
       Wall jump         |       |       |       |    47 |    31 ||    78
       Serpent's Lash    |       |       |       |     5 |     3 ||     8
 Abil: Breathe Steam     |       |       |    47 |    45 |     8 ||   100
       End Transformatio |       |       |       |       |     1 ||     1
Evoke: Wand              |       |       |       |    12 |     6 ||    18
  Use: Scroll            |     8 |     6 |     6 |    15 |    13 ||    48
       Potion            |       |       |     1 |       |     3 ||     4
 Stab: Sleeping          |       |       |     4 |     3 |       ||     7
       Paralysed         |       |       |       |     2 |       ||     2
  Eat: Chunk             |     2 |    13 |    17 |    34 |    38 ||   104
       Bread ration      |       |       |     1 |       |     1 ||     2
       Fruit             |       |       |       |     5 |       ||     5
       Royal jelly       |       |       |       |     1 |     1 ||     2
Armor: Skin              |    65 |    65 |    50 |    83 |    71 ||   334
Dodge: Dodged            |   113 |   155 |   201 |   534 |   498 ||  1501

Table legend:
 A = Spawn XP
 B = Non-spawn XP
 C = Spawn XP percentage of total XP
 D = Spawn monster count
 E = Non-spawn monster count
 F = Spawn count percentage of total count
 G = Total turns spent on level
                    A         B        C        D         E        F      G
               +---------+---------+-------+---------+---------+-------+---------
         Total |       0 |   82933 |   0.0 |       0 |     536 |   0.0 | 28904
               +---------+---------+-------+---------+---------+-------+---------
           D:1 |       0 |      47 |   0.0 |       0 |      22 |   0.0 |   943
           D:2 |       0 |     132 |   0.0 |       0 |      12 |   0.0 |  1666
           D:3 |       0 |      68 |   0.0 |       0 |      22 |   0.0 |  1742
           D:4 |       0 |     696 |   0.0 |       0 |      16 |   0.0 |  1386
           D:5 |       0 |     779 |   0.0 |       0 |      16 |   0.0 |  1182
           D:6 |       0 |    2120 |   0.0 |       0 |      39 |   0.0 |  1781
           D:7 |       0 |     999 |   0.0 |       0 |      25 |   0.0 |  1070
           D:8 |       0 |    2681 |   0.0 |       0 |      25 |   0.0 |  1021
           D:9 |       0 |    2794 |   0.0 |       0 |      31 |   0.0 |   895
          D:10 |       0 |    2985 |   0.0 |       0 |      16 |   0.0 |   917
          D:11 |       0 |    4619 |   0.0 |       0 |      32 |   0.0 |  1937
          D:12 |       0 |    2326 |   0.0 |       0 |      21 |   0.0 |  1091
          D:13 |       0 |    2966 |   0.0 |       0 |      40 |   0.0 |   575
        Lair:1 |       0 |    5345 |   0.0 |       0 |      28 |   0.0 |  1792
        Lair:2 |       0 |    6273 |   0.0 |       0 |      21 |   0.0 |  1035
        Lair:3 |       0 |    5498 |   0.0 |       0 |      19 |   0.0 |  1272
        Lair:4 |       0 |    7212 |   0.0 |       0 |      31 |   0.0 |  1549
        Lair:5 |       0 |    2732 |   0.0 |       0 |      12 |   0.0 |  1638
        Lair:6 |       0 |   17872 |   0.0 |       0 |      49 |   0.0 |  2724
         Orc:1 |       0 |    2888 |   0.0 |       0 |      33 |   0.0 |   869
         Orc:2 |       0 |   10830 |   0.0 |       0 |      25 |   0.0 |  1396
           Lab |       0 |    1071 |   0.0 |       0 |       1 |   0.0 |   377
               +---------+---------+-------+---------+---------+-------+---------
